General information
- name: BNet
- type: Ladder 1vs1/FFA
- host: Battle.net
- saver: Rush[yyz]
map: TurtleRock
- players: 2
- length: 25:44
- speed: Fast
- version: 1.23 W3XP
- replay type: Public
» download(92 KB)
Players
team 1 (winner)

»
Rush[yyz] (
yellow | 77 APM | 1981 actions | 25:44)
4 Archmage
2 Summon Water Elemental
2 Brilliance Aura
2 Mountain King
1 Storm Bolt
1 Bash
» actions
| Assign group hotkey | 49 | |
| Basic commands | 166 | |
| Build / train | 66 | |
| Enter build submenu | 21 | |
| Enter hero's abilities submenu | 6 | |
| Right click | 876 | |
| Select / deselect | 333 | |
| Select group hotkey | 378 | |
| Use ability | 86 | |
1981 total
» units
| Peasant | 9 | |
| Footman | 4 | |
| Rifleman | 15 | |
| Mortar Team | 3 | |
| Sorceress | 4 | |
35 total
» upgrades
» buildings
| Barracks | 1 | |
| Altar of Kings | 1 | |
| Farm | 8 | |
| Blacksmith | 1 | |
| Lumber Mill | 1 | |
| Scout Tower | 4 | |
| Guard Tower | 3 | |
| Keep | 1 | |
| Arcane Vault | 1 | |
| Arcane Sanctum | 2 | |
| Workshop | 1 | |
| Arcane Tower | 1 | |
| Cannon Tower | 1 | |
26 total
» build order
00:08 Barracks
00:20 Altar of Kings
00:31 Farm
01:08 Farm
01:46 Farm
02:10 Blacksmith
03:05 Lumber Mill
03:56 Farm
04:18 Farm
04:29 Scout Tower
05:21 Guard Tower
05:24 Keep
05:33 Arcane Vault
08:37 Arcane Sanctum
08:42 Workshop
08:58 Arcane Sanctum
09:46 Farm
11:14 Farm
11:27 Farm
12:32 Guard Tower
12:32 Guard Tower
14:06 Scout Tower
14:34 Arcane Tower
14:54 Scout Tower
15:31 Scout Tower
16:00 Cannon Tower
» items
| Scroll of Regeneration | 3 | |
| Lesser Clarity Potion | 3 | |
| Potion of Healing | 2 | |
| Ivory Tower | 4 | |
12 total
team 2 (loser)
Mr.Bob (
orange | 214 APM | 3726 actions | 17:23)
4 Demon Hunter
2 Mana Burn
2 Evasion
3 Naga Sea Witch
2 Frost Arrows
1 Forked Lightning
» actions
| Assign group hotkey | 21 | |
| Basic commands | 227 | |
| Build / train | 58 | |
| Enter build submenu | 22 | |
| Enter hero's abilities submenu | 7 | |
| Give item / drop item | 3 | |
| Remove unit from queue | 3 | |
| Right click | 1422 | |
| Select / deselect | 542 | |
| Select group hotkey | 1334 | |
| Use ability | 87 | |
3726 total
» units
| Wisp | 16 | |
| Huntress | 3 | |
| Druid of the Claw | 9 | |
| Dryad | 3 | |
31 total
» upgrades
| Druid of the Claw Training | 2 | |
| Abolish Magic | 1 | |
3 total
» buildings
| Altar of Elders | 1 | |
| Moon Well | 10 | |
| Hunter's Hall | 1 | |
| Ancient of War | 4 | |
| Tree of Ages | 2 | |
| Ancient of Wonders | 1 | |
| Ancient of Lore | 2 | |
| Tree of Eternity | 1 | |
22 total
» build order
00:09 Altar of Elders
00:19 Moon Well
01:36 Hunter's Hall
01:55 Ancient of War
02:21 Moon Well
02:32 Ancient of War
03:18 Tree of Ages
05:23 Moon Well
05:25 Moon Well
05:39 Moon Well
05:43 Ancient of Wonders
06:39 Ancient of Lore
07:15 Tree of Eternity
07:26 Ancient of Lore
11:59 Moon Well
11:59 Moon Well
14:51 Ancient of War
14:57 Ancient of War
16:07 Moon Well
16:08 Moon Well
17:02 Moon Well
» items
| Boots of Speed | 1 | |
| Staff of Teleportation | 1 | |
| Staff of Preservation | 1 | |
| Potion of Healing | 2 | |
| Scroll of Town Portal | 1 | |
6 total
Chat log
(09:58 / All) Mr.Bob: haha wtf
(10:31 / All) Mr.Bob: ahha gayy
(17:20 / All) Mr.Bob: wow lose too noob..
(17:20 / All) Mr.Bob: wow
(17:21 / All) Mr.Bob: gg